 Dungeon Crawl Stone Soup version 0.29.1-15-g9cfb28693d (webtiles) character file.

Game seed: 12697433050362464740

2604 leafyfresh the Covert (level 9, -1/70 HPs)
             Began as an Octopode Delver on Mar 4, 2023.
             Was an Initiate of Ashenzari.
             Slain by a centaur (4 damage)
             ... on level 7 of the Dungeon.
             The game lasted 00:10:46 (8378 turns).

leafyfresh the Covert (Octopode Delver)             Turns: 8378, Time: 00:10:47

Health: -1/70      AC:  5    Str: 11    XL:     9   Next: 59%
Magic:  0/9        EV: 16    Int: 16    God:    Ashenzari [......]
Gold:   245        SH:  0    Dex: 14    Spells: 8/8 levels left

rFire   . . .      SeeInvis .   v - +3 dagger (drain)
rCold   . . .      Faith    .   (no shield)
rNeg    . . .      Spirit   +   (helmet restricted)
rPois   .          Reflect  .   q - amulet of guardian spirit
rElec   .          Harm     .   o - ring of the Unyielding Gaze {AC+4, Alch, Self} (curse)
rCorr   .          Rampage  .   (no ring)
Will    .....                   (no ring)
Stlth   ++++++....              (no ring)
HPRegen 0.21/turn               (no ring)
MPRegen 0.11/turn               (no ring)
                                (no ring)
                                (no ring)

@: about to teleport
A: almost no armour, amphibious, 8 rings, camouflage 1, gelatinous body 1,
(nimble swimmer 1), tentacles
a: Renounce Religion, Curse Item, Shatter the Chains


You were on level 7 of the Dungeon.
You worshipped Ashenzari.
Ashenzari was noncommittal.
You visited 2 branches of the dungeon, and saw 8 of its levels.

You collected 245 gold pieces.

Inventory:

Hand Weapons
 a - a +0 short sword
 t - a +0 rapier
 v - a +3 dagger of draining (weapon)
Jewellery
 o - the cursed ring of the Unyielding Gaze (left tentacle) {AC+4, Alch, Self}
   (You found it on level 2 of the Dungeon)

   [ring of protection]

   AC:        It affects your AC (+4).
   It has a curse which improves the following skills: Alchemy: Poison Magic and
   Transmutations.
   Introspection: Fighting and Spellcasting.
 q - an amulet of guardian spirit (around mantle)
Wands
 f - a wand of digging (3)
Scrolls
 b - a scroll of fog
 c - 2 scrolls of magic mapping
 e - 2 scrolls of butterflies
 g - a scroll of enchant armour
 j - a scroll of poison
 n - a scroll of amnesia
 p - a scroll of brand weapon
 u - a scroll of vulnerability {unknown}
 x - a scroll of silence {unknown}
 y - a scroll of noise {unknown}
Potions
 k - a potion of flight {unknown}
 l - a potion of lignification {unknown}
 m - a potion of magic {unknown}
 r - a potion of cancellation {unknown}
 s - a potion of mutation {unknown}
 w - 2 potions of curing {unknown}


   Skills:
 + Level 9.6(10.0) Fighting
 - Level 2.0 Short Blades
 - Level 6.6 Dodging
 - Level 11.2 Stealth


You had 8 spell levels left.
You didn't know any spells.
Your spell library was empty.

Dungeon Overview and Level Annotations

Branches:
Dungeon (7/15)             Temple (1/1) D:5

Altars:
Ashenzari
Dithmenos
Elyvilon
Fedhas
Gozag
Hepliaklqana
Kikubaaqudgha
Makhleb
Nemelex Xobeh
Okawaru
Qazlal
Ru
Sif Muna
Trog
Vehumet
Wu Jian
Yredelemnul
Zin

Shops:
D:2 :

Annotations:
D:5 Dowan
D:6 1 runed translucent door, PorkyPig's ghost, novice GrEE


Innate Abilities, Weirdness & Mutations

You cannot wear most types of armour.
You are amphibious.
You can wear up to eight rings at the same time.
Your skin changes colour to match your surroundings (Stealth+).
Your rubbery body absorbs attacks. (AC +1, EV +1)
((You are camouflaged when in or above water. (Stealth+)))
You have tentacles for arms and can constrict up to eight enemies at once.


Message History

The steam dragon is severely wounded.
You are engulfed in a cloud of scalding steam.
The steam dragon misses you. The steam dragon closely misses you.
You hit the steam dragon but do no damage.
You drain the steam dragon. You squeeze the steam dragon.
You kill the steam dragon!
The steam dragon scales are intact enough to wear.
You are engulfed in a cloud of scalding steam.
The centaur shoots an arrow.
The arrow hits you!
* * * LOW HITPOINT WARNING * * *
The centaur unwields a +0 shortbow.
The centaur hits you. The centaur barely misses you.
The black bear completely misses you. The black bear claws you.
* * * LOW HITPOINT WARNING * * *
The black bear claws you but does no damage.
There is an open door, spattered with blood here.
Things that are here:
+0 steam dragon scales; a steam dragon corpse You hit the centaur.
The centaur is lightly wounded.
The centaur hits you but does no damage.
The centaur kicks you.
* * * LOW HITPOINT WARNING * * *
The centaur hits you.
* * * LOW HITPOINT WARNING * * *
The centaur kicks you.
* * * LOW HITPOINT WARNING * * *
The black bear misses you.
The black bear claws you but does no damage.
The black bear closely misses you.
Unknown command.
Blink to where?
Press: ? - help, Dir - move target
As you read the scroll of blinking, it crumbles to dust.
The centaur hits you.
* * * LOW HITPOINT WARNING * * *
The centaur kicks you but does no damage.
As you read the scroll of teleportation, it crumbles to dust.
You feel strangely unstable.
The centaur misses you. x2; The centaur hits you.
You die...

.........
........ ###
###...... ..#
....?.... ..#
..!.....#+#..#
........#_#..#
........#[#..#
........oc@.#
.........h..#
.........####
.).......#
.........#
##########


You could see a black bear, a centaur and an orc.

Vanquished Creatures
  Sigmund (D:2)
  3 wyverns
  A steam dragon (D:7)
  An acid dragon (D:6)
  An orc warrior (D:6)
  A black bear (D:3)
  2 centaurs
  A phantom (D:6)
  2 kobold brigands (D:6)
  3 necrophages
  A scorpion (D:6)
  3 howler monkeys
  5 jellies
  4 hounds (D:6)
  4 orc priests
  Natasha (thrice) (D:3)
  2 orc wizards (D:6)
  4 iguanas
  Robin (D:4)
  9 adders
  A shadow imp (D:7)
  A white imp (D:6)
  2 ufetubi
  2 worms
  3 dart slugs
  9 orcs
  8 bats
  8 endoplasms
  3 giant cockroaches
  17 goblins
  5 hobgoblins
  A jackal (D:3)
  17 kobolds
  A quokka (D:5)
  8 ball pythons
  A frilled lizard (D:1)
  7 rats
146 creatures vanquished.

Notes
Turn   | Place    | Note
-------+----------+-------------------------------------------
     0 | D:5      | leafyfresh the Octopode Delver began the quest for the Orb.
     0 | D:5      | Reached XP level 1. HP: 16/16 MP: 1/1
    14 | D:5      | Noticed a jelly
    19 | D:5      | Killed a jelly
    20 | D:5      | Reached skill level 7 in Stealth
    20 | D:5      | Reached XP level 2. HP: 21/21 MP: 2/2
    20 | D:5      | Reached XP level 3. HP: 26/26 MP: 3/3
    80 | D:5      | Reached XP level 4. HP: 16/33 MP: 4/4
   273 | D:5      | Found a staircase to the Ecumenical Temple.
   290 | Temple   | Entered the Ecumenical Temple
   427 | Temple   | Became a worshipper of Ashenzari the Shackled
   552 | D:5      | Noticed a necrophage
   554 | D:5      | Noticed Dowan
   571 | D:4      | Found a radiant altar of Vehumet.
   599 | D:4      | Noticed a necrophage
   610 | D:4      | Killed a necrophage
   611 | D:4      | Reached XP level 5. HP: 15/37 MP: 5/5
   799 | D:4      | Found an ornate altar of the Wu Jian Council.
  1036 | D:4      | Reached skill level 8 in Stealth
  1067 | D:4      | Noticed Robin
  1076 | D:4      | Killed Robin
  1571 | D:4      | Found a bloodstained altar of Trog.
  1826 | D:4      | Found a glowing silver altar of Zin.
  2261 | D:3      | Noticed Natasha
  2343 | D:5      | Noticed an ogre
  2420 | D:3      | Reached XP level 6. HP: 31/44 MP: 6/6
  2624 | D:2      | Noticed Sigmund
  2635 | D:2      | Killed Sigmund
  2877 | D:2      | Found Mareu's Book Shop.
  2941 | D:2      | Found a sparkling altar of Nemelex Xobeh.
  3353 | D:1      | Reached skill level 5 in Fighting
  3576 | D:1      | Reached XP level 7. HP: 44/50 MP: 7/7
  4144 | D:3      | Killed Natasha
  4323 | D:3      | Found a sacrificial altar of Ru.
  4418 | D:3      | Noticed Natasha
  4425 | D:3      | Killed Natasha
  4426 | D:3      | Reached skill level 9 in Stealth
  5204 | D:3      | Noticed Natasha
  5224 | D:3      | Killed Natasha
  5376 | D:3      | Reached skill level 5 in Dodging
  5793 | D:5      | Found a stormy altar of Qazlal.
  5819 | D:5      | Reached XP level 8. HP: 49/57 MP: 8/8
  6172 | D:6      | Reached skill level 10 in Stealth
  7237 | D:6      | Noticed a wyvern
  7247 | D:6      | Killed a wyvern
  7254 | D:6      | Reached skill level 11 in Stealth
  7389 | D:6      | Reached XP level 9. HP: 55/66 MP: 7/9
  7834 | D:6      | Found a runed translucent door.
  7837 | D:6      | Noticed PorkyPig's ghost (novice GrEE)
  8343 | D:7      | Found a white marble altar of Elyvilon.
  8377 | D:7      | HP: 3/70 [centaur (3)]
  8378 | D:7      | Slain by a centaur

Illustrated notes

Levels and vault maps discovered:
D:1:      sevenhm_arrival_forest_fort_small_6, layout_basic
D:2:      layout_loops_ring, basic_altar, serial_shops,
          nicolae_shop_advertising_works [nicolae_subvault_shop_adworks],
          minmay_misc_feat_tiny, lightli_corner_chamber, uniq_sigmund
D:3:      layout_rooms, nicolae_ru_awakened_eye, minmay_pentangle, uniq_natasha
D:4:      layout_basic, fiery_altar_vehumet,
          mainiacjoe_overflow_small_starburst, kennysheep_mini,
          lemuel_round_altar, serial_corexii_hall, corexii_hall_statues_l,
          chequers_hall_statues_corner_a, uniq_robin
D:5:      minmay_recursive_quarters, layout_loops_cross,
          nicolae_qazlal_general_emergency, minmay_temple_entry_gardened_gates,
          kennysheep_generic_room_5, uniq_duvessa
D:6:      minmay_diamond_boxcup, layout_basic, gammafunk_ghost_grave
D:7:      layout_basic, kennysheep_mini_moat, general_overflow_altar,
          nicolae_overflow_hidden_temple, tso_altar, serial_shops,
          nicolae_take_the_stairs
Temple:   nicolae_temple_bog_church

Skill      XL: |  1  2  3  4  5  6  7  8  9 |
---------------+----------------------------+-----
Stealth        | 7 8 9 11 | 11.2
Dodging        | 3 4 5 6 |  6.6
Fighting       | 4 5 7 9 |  9.6
Short Blades   | |  2.0

Action                   |  1- 3 |  4- 6 |  7- 9 || total
-------------------------+-------+-------+-------++-------
Melee: Short sword       |    12 |   105 |   100 ||   217
       Tentacles         |     4 |    22 |    53 ||    79
       Constrict         |     2 |    19 |    40 ||    61
       Punch             |       |     2 |     3 ||     5
       Dagger            |       |       |   157 ||   157
Invok: Curse Item        |       |       |     1 ||     1
  Use: Potion            |       |     1 |       ||     1
       Scroll            |       |       |    11 ||    11
 Stab: Sleeping          |     1 |    18 |    24 ||    43
       Distracted        |       |       |     1 ||     1
Armor: Skin              |       |     3 |    37 ||    40
Dodge: Dodged            |    14 |    49 |   205 ||   268
